cohdb
Replays
Latest Replays
All Replays
Popular Replays
Top Player Replays
Match Explorer
How It Works
Community
CoH3 Stats
Reddit
Sign in to upload your games and track your stats! →
Sign in with Steam
Match 41206006
Unlisted
Match 41206006
Overview
Messages
Build Orders
End
Kradschützen Motorcycle Team
Panzergrenadier Squad
Selects Armored Support Battlegroup
Panzergrenadier Squad
250 Light Carrier
Construct Light Support Kompanie
Combat Half-tracks
Selects Veteran Gunners
Fire Support Elements
Vehicle Survival Package
Selects Salvage Kits
Panzerjäger Mechanized Group
Flakvierling Half-track
Tungsten Core Ammunition
MG34 Team
Construct Panzerarmee Kommand
Selects Flammpanzer III Medium Tank
Flammpanzer III Medium Tank
Pak 38 Mechanized Group
Construct Panzerarmee Kommand
Selects Command Panzer IV F Medium Tank
Emergency Repair Kits
Panzer III L Medium Tank
Rapid Advance
Selects Panzer Storm
Pak 38 Mechanized Group
Command Panzer IV F Medium Tank
(502) Bad Gateway
tkotu
0
0
Comments
sign in to comment!
No comments posted yet!